ESL (28 & UNDER)
MT PLEASANT BEARCATS @ RIO GRANDE RATTLESNAKE
09/28/2025
 
TOP OF THE 1ST
Mt Pleasant Bearcats batting - Pitching for Rio Grande Rattlesnake : RHP Gene O'Neal
Pitching: RHP Gene O'Neal
Batting: RHB Yasutoki Kojima 0-0: Ground out 6-3 (Groundball, 6M)
Batting: RHB Ramiro Chávez 0-0: Called Strike
0-1: Ball
1-1: SINGLE (Line Drive, 7LS)
Batting: RHB Jesús Ramírez 0-0: Ball
1-0: Ball
2-0: Fly out, F3 (Popup, 3F)
Batting: RHB Ichizo Akiyama 0-0: Fly out, F8 (Flyball, 8RM)
Top of the 1st over - 0 run(s), 1 hit(s), 0 error(s), 1 left on base; Mt Pleasant 0 - Rio Grande 0
BOTTOM OF THE 1ST
Rio Grande Rattlesnake batting - Pitching for Mt Pleasant Bearcats : LHP Júlio Gracía
Pitching: LHP Júlio Gracía
Batting: LHB Luis Villa 0-0: Ball
1-0: Fly out, F4 (Popup, 4D)
Batting: RHB Luis Sánchez 0-0: Called Strike
0-1: Foul Ball, location: 2F
0-2: Ball
1-2: Ball
2-2: Ball
3-2: Ground out 4-3 (Groundball, 4M)
Batting: RHB Liangde Que 0-0: Ball
1-0: Called Strike
1-1: Swinging Strike
1-2: Ground out 6-3 (Groundball, 6MS)
Bottom of the 1st over - 0 run(s), 0 hit(s), 0 error(s), 0 left on base; Mt Pleasant 0 - Rio Grande 0
TOP OF THE 2ND
Mt Pleasant Bearcats batting - Pitching for Rio Grande Rattlesnake : RHP Gene O'Neal
Batting: RHB Luis Maldonado 0-0: Ball
1-0: Ball
2-0: Ground out 5-3 (Groundball, 56)
Batting: RHB Chris Jones 0-0: Foul Ball, location: 2F
0-1: Ball
1-1: Foul Ball, location: 2F
1-2: Ball
2-2: Ground out 5-3 (Groundball, 5S)
Batting: RHB Jeffrey Hicks 0-0: Foul Ball, location: 2F
0-1: Ball
1-1: Called Strike
1-2: Ball
2-2: Foul Ball, location: 2F
2-2: Strikes out swinging
Top of the 2nd over - 0 run(s), 0 hit(s), 0 error(s), 0 left on base; Mt Pleasant 0 - Rio Grande 0
BOTTOM OF THE 2ND
Rio Grande Rattlesnake batting - Pitching for Mt Pleasant Bearcats : LHP Júlio Gracía
Batting: SHB Douglas Taylor 0-0: Foul Ball, location: 2F
0-1: Ball
1-1: Foul Ball, location: 2F
1-2: Ball
2-2: Foul Ball, location: 2F
2-2: Foul Ball, location: 2F
2-2: Ball
3-2: Base on Balls
Batting: RHB Hollis Wood 0-0: Called Strike
Douglas Taylor steals 2nd base
0-1: Ball
1-1: Called Strike
1-2: Strikes out swinging
Batting: SHB Giancarlo Giannini 0-0: Ball
1-0: Ball
2-0: Ball
3-0: Base on Balls
Batting: RHB Luis Ibarra 0-0: Called Strike
0-1: Called Strike
Douglas Taylor steals 3rd base
Giancarlo Giannini to second
0-2: Ball
1-2: Ball
2-2: Strikes out swinging
Batting: RHB Paul Martin 0-0: Ball
1-0: Ball
2-0: Ball
3-0: Base on Balls
Batting: RHB Maresuke Yoshida 0-0: Ball
1-0: Foul Ball, location: 2F
1-1: Ball
2-1: Ball
3-1: Fly out, F4 (Line Drive, 4)
Bottom of the 2nd over - 0 run(s), 0 hit(s), 0 error(s), 3 left on base; Mt Pleasant 0 - Rio Grande 0
TOP OF THE 3RD
Mt Pleasant Bearcats batting - Pitching for Rio Grande Rattlesnake : RHP Gene O'Neal
Batting: RHB Carlos Luna 0-0: Called Strike
0-1: Ground out 5-3 (Groundball, 5)
Batting: RHB Patrick Potts 0-0: Foul Ball, location: 2F
0-1: Foul Ball, location: 2F
0-2: Foul Ball, location: 2F
0-2: Foul Ball, location: 2F
0-2: Fly out, F9 (Flyball, 9LM)
Batting: RHB Yasutoki Kojima 0-0: Called Strike
0-1: Called Strike
0-2: Strikes out swinging
Top of the 3rd over - 0 run(s), 0 hit(s), 0 error(s), 0 left on base; Mt Pleasant 0 - Rio Grande 0
BOTTOM OF THE 3RD
Rio Grande Rattlesnake batting - Pitching for Mt Pleasant Bearcats : LHP Júlio Gracía
Batting: LHB Luis Villa 0-0: Called Strike
0-1: Swinging Strike
0-2: Ball
1-2: Foul Ball, location: 2F
1-2: Foul Ball, location: 2F
1-2: Ball
2-2: Ground out 4-3 (Groundball, 4)
Batting: RHB Luis Sánchez 0-0: Ball
1-0: Called Strike
1-1: Ball
2-1: Ball
3-1: Base on Balls
Batting: RHB Liangde Que 0-0: Ball
1-0: Ball
2-0: Ball
3-0: Called Strike
3-1: Foul Ball, location: 2F
3-2: Fly out, F6 (Popup, 6MD)
Batting: SHB Douglas Taylor 0-0: Called Strike
0-1: Ball
1-1: Ball
2-1: SINGLE (Groundball, 56D)
Luis Sánchez to second
Batting: RHB Hollis Wood 0-0: Ball
1-0: SINGLE (Groundball, 56D)
Luis Sánchez to third
Douglas Taylor to second
Runner from 3rd tries for Home, SAFE, no throw or cutoff
Batting: SHB Giancarlo Giannini 0-0: Ground out 6-3 (Groundball, 6)
Bottom of the 3rd over - 1 run(s), 2 hit(s), 0 error(s), 2 left on base; Mt Pleasant 0 - Rio Grande 1
TOP OF THE 4TH
Mt Pleasant Bearcats batting - Pitching for Rio Grande Rattlesnake : RHP Gene O'Neal
Batting: RHB Ramiro Chávez 0-0: Foul Ball, location: 2F
0-1: Ball
1-1: Foul Ball, location: 2F
1-2: Strikes out swinging
Batting: RHB Jesús Ramírez 0-0: Called Strike
0-1: Ball
1-1: Fly out, F9 (Flyball, 9LM)
Batting: RHB Ichizo Akiyama 0-0: Foul Ball, location: 2F
0-1: Called Strike
0-2: Strikes out swinging
Top of the 4th over - 0 run(s), 0 hit(s), 0 error(s), 0 left on base; Mt Pleasant 0 - Rio Grande 1
BOTTOM OF THE 4TH
Rio Grande Rattlesnake batting - Pitching for Mt Pleasant Bearcats : LHP Júlio Gracía
Batting: RHB Luis Ibarra 0-0: Called Strike
0-1: Swinging Strike
0-2: Ball
1-2: Strikes out swinging
Batting: RHB Paul Martin 0-0: Ball
1-0: Called Strike
1-1: DOUBLE (Line Drive, 5D)
Batting: RHB Maresuke Yoshida 0-0: Ball
1-0: Swinging Strike
1-1: Foul Ball, location: 2F
1-2: Ground out 5-3 (Groundball, 56S)
Paul Martin to third
Batting: LHB Luis Villa 0-0: Ball
1-0: Ball
2-0: Foul Ball, location: 2F
2-1: Called Strike
2-2: Strikes out swinging
Bottom of the 4th over - 0 run(s), 1 hit(s), 0 error(s), 1 left on base; Mt Pleasant 0 - Rio Grande 1
TOP OF THE 5TH
Mt Pleasant Bearcats batting - Pitching for Rio Grande Rattlesnake : RHP Gene O'Neal
Batting: RHB Luis Maldonado 0-0: Ball
1-0: Swinging Strike
1-1: Ball
2-1: Foul Ball, location: 2F
2-2: Ground out 4-3 (Groundball, 4)
Batting: RHB Chris Jones 0-0: Fly out, F9 (Flyball, 89M)
Batting: RHB Jeffrey Hicks 0-0: Swinging Strike
0-1: Ball
1-1: Foul Ball, location: 2F
1-2: Ball
2-2: Foul Ball, location: 2F
2-2: Foul Ball, location: 2F
2-2: Ground out 3-1 (Groundball, 34)
Top of the 5th over - 0 run(s), 0 hit(s), 0 error(s), 0 left on base; Mt Pleasant 0 - Rio Grande 1
BOTTOM OF THE 5TH
Rio Grande Rattlesnake batting - Pitching for Mt Pleasant Bearcats : LHP Júlio Gracía
Batting: RHB Luis Sánchez 0-0: Ball
1-0: Ball
2-0: Ball
3-0: Called Strike
3-1: Base on Balls
Pitching: LHP Dwight Livingston
Batting: RHB Liangde Que 0-0: Ball
1-0: Swinging Strike
1-1: Ball
2-1: Called Strike
2-2: Ball
3-2: Grounds into double play, 6-4-3 (Groundball, 6)
Batting: SHB Douglas Taylor 0-0: Called Strike
0-1: Swinging Strike
0-2: Strikes out looking
Bottom of the 5th over - 0 run(s), 0 hit(s), 0 error(s), 0 left on base; Mt Pleasant 0 - Rio Grande 1
TOP OF THE 6TH
Mt Pleasant Bearcats batting - Pitching for Rio Grande Rattlesnake : RHP Gene O'Neal
Batting: RHB Carlos Luna 0-0: Ball
1-0: Ball
2-0: Ball
3-0: Called Strike
3-1: Foul Ball, location: 2F
3-2: SINGLE (Groundball, 6D)
Batting: RHB Patrick Potts 0-0: Ball
1-0: TRIPLE (Line Drive, 8RXD)
Carlos Luna scores
Batting: RHB Yasutoki Kojima 0-0: Ball
1-0: Foul Ball, location: 2F
1-1: Fly out, F9 (Line Drive, 9LM)
Runner from 3rd tags up, SCORES, no throw
Batting: RHB Ramiro Chávez 0-0: Called Strike
0-1: Foul Ball, location: 2F
0-2: Strikes out swinging
Batting: RHB Jesús Ramírez 0-0: Called Strike
0-1: Swinging Strike
0-2: Foul Ball, location: 2F
0-2: Strikes out swinging
Top of the 6th over - 2 run(s), 2 hit(s), 0 error(s), 0 left on base; Mt Pleasant 2 - Rio Grande 1
BOTTOM OF THE 6TH
Rio Grande Rattlesnake batting - Pitching for Mt Pleasant Bearcats : LHP Dwight Livingston
Batting: RHB Hollis Wood 0-0: Called Strike
0-1: Ball
1-1: Foul Ball, location: 2F
1-2: Fly out, F7 (Flyball, 78M)
Batting: SHB Giancarlo Giannini 0-0: Called Strike
0-1: Ground out 4-3 (Groundball, 4M)
Batting: RHB Luis Ibarra 0-0: SINGLE (Groundball, 56D)
Batting: RHB Paul Martin 0-0: Ball
1-0: 2-RUN HOME RUN (Flyball, 78XD), Distance : 379 ft
Batting: RHB Maresuke Yoshida 0-0: Ball
1-0: Ball
2-0: Foul Ball, location: 2F
2-1: Ball
3-1: Foul Ball, location: 2F
3-2: Base on Balls
Batting: LHB Luis Villa 0-0: Called Strike
0-1: Ball
1-1: SINGLE (Flyball, 9LS)
Maresuke Yoshida to second
Runner from 2nd tries for 3rd, SAFE, no throw or cutoff
Batting: RHB Luis Sánchez 0-0: Ball
1-0: SINGLE (Line Drive, 4D)
Maresuke Yoshida scores
Luis Villa to second
Runner from 2nd tries for 3rd, SAFE, throw made to third
Batting: RHB Liangde Que 0-0: Called Strike
0-1: Swinging Strike
0-2: Strikes out looking
Bottom of the 6th over - 3 run(s), 4 hit(s), 0 error(s), 2 left on base; Mt Pleasant 2 - Rio Grande 4
TOP OF THE 7TH
Mt Pleasant Bearcats batting - Pitching for Rio Grande Rattlesnake : RHP Gene O'Neal
Batting: RHB Ichizo Akiyama 0-0: Ball
1-0: Ball
2-0: Called Strike
2-1: Ball
3-1: Ground out 5-3 (Groundball, 15S)
Batting: RHB Luis Maldonado 0-0: Called Strike
0-1: Called Strike
0-2: Strikes out swinging
Batting: RHB Chris Jones 0-0: Called Strike
0-1: Foul Ball, location: 2F
0-2: Strikes out looking
Top of the 7th over - 0 run(s), 0 hit(s), 0 error(s), 0 left on base; Mt Pleasant 2 - Rio Grande 4
BOTTOM OF THE 7TH
Rio Grande Rattlesnake batting - Pitching for Mt Pleasant Bearcats : LHP Dwight Livingston
Pitching: RHP Tim Hill
Batting: SHB Douglas Taylor 0-0: Foul Ball, location: 2F
0-1: Ball
1-1: Ball
2-1: Foul Ball, location: 2F
2-2: SOLO HOME RUN (Flyball, 8RXD), Distance : 407 ft
Batting: RHB Hollis Wood 0-0: Called Strike
0-1: Ball
1-1: Ground out 5-3 (Groundball, 56)
Batting: SHB Giancarlo Giannini 0-0: Ball
1-0: Ball
2-0: Ball
3-0: Called Strike
3-1: Called Strike
3-2: Strikes out swinging
Batting: RHB Luis Ibarra 0-0: Ball
1-0: Ball
2-0: Foul Ball, location: 2F
2-1: Ground out U3 (Groundball, 3S)
Bottom of the 7th over - 1 run(s), 1 hit(s), 0 error(s), 0 left on base; Mt Pleasant 2 - Rio Grande 5
TOP OF THE 8TH
Mt Pleasant Bearcats batting - Pitching for Rio Grande Rattlesnake : RHP Gene O'Neal
Batting: RHB Jeffrey Hicks 0-0: Swinging Strike
0-1: Fly out, F8 (Flyball, 8RS)
Batting: RHB Carlos Luna 0-0: Called Strike
0-1: Swinging Strike
0-2: Ball
1-2: Ball
2-2: Strikes out swinging
Batting: RHB Patrick Potts 0-0: Ball
1-0: Fly out, F5 (Line Drive, 56)
Top of the 8th over - 0 run(s), 0 hit(s), 0 error(s), 0 left on base; Mt Pleasant 2 - Rio Grande 5
BOTTOM OF THE 8TH
Rio Grande Rattlesnake batting - Pitching for Mt Pleasant Bearcats : RHP Tim Hill
Batting: RHB Paul Martin 0-0: Foul Ball, location: 2F
0-1: Foul Ball, location: 2F
0-2: Ball
1-2: Fly out, F8 (Flyball, 8LD)
Batting: RHB Maresuke Yoshida 0-0: Called Strike
0-1: Ball
1-1: SINGLE (Groundball, 56)
Batting: LHB Luis Villa 0-0: Ball
1-0: Fly out, F7 (Flyball, 78D)
Batting: RHB Luis Sánchez 0-0: Ball
1-0: Swinging Strike
1-1: Called Strike
1-2: Ball
2-2: Ground out 6-3 (Groundball, 6)
Bottom of the 8th over - 0 run(s), 1 hit(s), 0 error(s), 1 left on base; Mt Pleasant 2 - Rio Grande 5
TOP OF THE 9TH
Mt Pleasant Bearcats batting - Pitching for Rio Grande Rattlesnake : RHP Gene O'Neal
Pitching: RHP Bryce Davis
Batting: RHB Yasutoki Kojima 0-0: Ball
1-0: SINGLE (Line Drive, 4D)
Batting: RHB Ramiro Chávez 0-0: Called Strike
0-1: Ball
1-1: Grounds into double play, 6-4-3 (Groundball, 6)
Batting: RHB Jesús Ramírez 0-0: Ball
1-0: Ball
2-0: Foul Ball, location: 2F
2-1: Called Strike
2-2: Ball
3-2: Strikes out looking
Top of the 9th over - 0 run(s), 1 hit(s), 0 error(s), 0 left on base; Mt Pleasant 2 - Rio Grande 5
This league is powered by Out of the Park Baseball, the baseball management simulation game for PC, Mac and Linux
Tuesday, August 2nd, 2016 - OOTP Baseball 16.8 Build 38